 Dungeon Crawl Stone Soup version 0.28.0-45-g0d030f2227 (webtiles) character file.

Game seed: 14022990680588186787

66 Cykl0x the Digger (level 4, -1/24 HPs)
             Began as a Gargoyle Earth Elementalist on Apr 10, 2022.
             Slain by an ogre
             ... wielding a +0 giant club
              (25 damage)
             ... on level 4 of the Dungeon.
             The game lasted 00:04:44 (2762 turns).

Cykl0x the Digger (Gargoyle Earth Elementalist)     Turns: 2762, Time: 00:04:45

Health: -1/24      AC:  5    Str: 11    XL:     4   Next: 15%
Magic:  5/8        EV: 12    Int: 18    God:
Gold:   79         SH:  0    Dex: 10    Spells: 4/8 levels left

rFire   . . .      SeeInvis .   h - +0 flail (freeze)
rCold   . . .      Faith    .   (no shield)
rNeg    + . .      Spirit   .   b - +0 robe
rPois   ∞          Reflect  .   (no helmet)
rElec   +          Harm     .   (no cloak)
rCorr   .          Rampage  .   (no gloves)
Will    .....                   (no boots)
Stlth   ++........              (no amulet)
HPRegen 0.08/turn               (no ring)
MPRegen 0.11/turn               (no ring)

@: no status effects
A: sickness immunity, AC +3, negative energy resistance 1, electricity
resistance, torment resistance 1, petrification resistance
a: no special abilities


You were on level 4 of the Dungeon.
You visited 1 branch of the dungeon, and saw 4 of its levels.

You collected 79 gold pieces.

Inventory:

Hand Weapons
 a - a +0 club
 h - a +0 flail of freezing (weapon)
Missiles
 c - 37 stones
Armour
 b - a +0 robe (worn)
 g - a +0 leather armour
Scrolls
 i - a scroll of identify
 j - a scroll of amnesia
 k - a scroll of magic mapping
 l - a scroll of fear {unknown}
 m - a scroll of brand weapon
 n - a scroll of immolation {unknown}
Potions
 d - a potion of brilliance
 e - a potion of lignification {unknown}
 f - a potion of curing {unknown}


   Skills:
 + Level 0.2 Fighting
 + Level 1.7 Dodging
 - Level 2.1 Stealth
 + Level 2.8 Spellcasting
 * Level 1.2 Conjurations
 - Level 0.7 Transmutations
 + Level 4.6 Earth Magic


You had 4 spell levels left.
You knew the following spells:

 Your Spells              Type           Power      Damage    Failure   Level
a - Sandblast             Erth           38%        2d10      2%          1
b - Stone Arrow           Conj/Erth      26%        3d8       14%         3

Your spell library contained the following spells:

 Spells                   Type           Power      Damage    Failure   Level
 Passwall                 Tmut/Erth      10%        N/A       9%          2
 Apportation              Tloc           4%         N/A       17%         1
 Slow                     Hex            8%         N/A       17%         1
 Confusing Touch          Hex            2%         N/A       45%         3
 Vampiric Draining        Necr           2%         2d6       45%         3
 Petrify                  Tmut/Erth      12%        N/A       50%         4


Dungeon Overview and Level Annotations

Branches:
Dungeon (4/15)
 Temple: D:4-7

Altars:

Annotations:
D:3 2 transporters, Peloso's ghost, weakling MiFi


Innate Abilities, Weirdness & Mutations

You are immune to sickness and miasma.
Your stone body is resilient. (AC +3)
You are immune to poison.
You resist negative energy. (rN+)
You are resistant to electric shocks. (rElec)
You are resistant to unholy torment.
You are immune to petrification.


Message History

Peloso's ghost whispers, "There is no future for you."
Peloso's ghost says very slowly, "There's no hope."
You see here a giant cockroach corpse.
Partly explored, unvisited transporter.
Partly explored, unvisited transporter.
Okay, then.
As you read the scroll labelled MAHEGEKLEM, it crumbles to dust.
Wisps of shadow whirl around you...
It was a scroll of summoning.
You aren't carrying any pieces of jewellery.
Unknown command.
Partly explored, unvisited transporter.
(D) Dungeon
Where to? (Enter - D:3, ? - help)
You swap places.
There is a stone staircase leading down here.
You climb downwards.
Your summoned allies are left behind.
Found a scroll labelled CEWOTE BUKAWN and a scroll of brand weapon.
There is a stone staircase leading up here.
l - a scroll labelled CEWOTE BUKAWN
m - a scroll of brand weapon A quokka comes into view.
You see here a scroll labelled IFAUSUO XOZOQA.
n - a scroll labelled IFAUSUO XOZOQA A sky beast comes into view.
The blast of sand hits the quokka!
You kill the quokka!
You can't see any susceptible monsters within range! (Use Z to cast anyway.) Magic restored.
A kobold comes into view. It is wielding a +0 club.
The kobold shouts!
An ogre comes into view. It is wielding a +0 giant club.
The blast of sand hits the kobold!
You kill the kobold!
The ogre shouts!
The blast of sand misses the ogre.
The blast of sand hits the ogre!
The ogre is severely wounded.
The ogre hits you with a +0 giant club!!
Ouch! That really hurt!
You die...

# #### #.# ....
##...# ####
###.).# ##
#####.@O# .##
###.....### ..#
###...##.## #.#
###...#..#..#
#.###...####.##.#
#.....### ..#..
####.## #.##.#
#..# .. .. ##.#
#.##..


You could see an ogre.

Vanquished Creatures
  2 adders
  A dart slug (D:1)
  An orc (D:3)
  2 ball pythons (D:1)
  2 bats
  An endoplasm (D:1)
  2 giant cockroaches
  6 hobgoblins
  6 jackals
  5 quokkas
  A frilled lizard (D:1)
  6 kobolds
  6 rats
41 creatures vanquished.

Vanquished Creatures (others)
  3 fungi (D:1)
  8 plants
11 creatures vanquished.

Grand Total: 52 creatures vanquished

Notes
Turn   | Place    | Note
-------+----------+-------------------------------------------
     0 | D:1      | Cykl0x the Gargoyle Earth Elementalist began the quest for
                  | the Orb.
     0 | D:1      | Reached XP level 1. HP: 10/10 MP: 3/3
   331 | D:1      | Found a faded altar of an unknown god.
   339 | D:1      | Got Plato's Compendium of Displacement
   396 | D:1      | Reached skill level 4 in Earth Magic
   396 | D:1      | Reached XP level 2. HP: 15/15 MP: 3/5
   844 | D:1      | Reached XP level 3. HP: 19/19 MP: 4/6
   848 | D:1      | Learned a level 3 spell: Stone Arrow
  1850 | D:3      | Reached skill level 1 in Conjurations
  2031 | D:3      | Reached XP level 4. HP: 24/24 MP: 6/8
  2052 | D:3      | Found a transporter.
  2606 | D:3      | Found a transporter.
  2607 | D:3      | Identified the +7 spear of Biarph {pain, Fragile rPois rN+
                  | Int+2}
  2622 | D:3      | Noticed Peloso's ghost (weakling MiFi)
  2734 | D:4      | Noticed a sky beast
  2758 | D:4      | Noticed an ogre
  2762 | D:4      | Slain by an ogre

Illustrated notes

Levels and vault maps discovered:
D:1:      wander_arrival_chamber, layout_loops_ring,
          shapermc_ecumenical_altar_rom_forum
D:2:      layout_basic
D:3:      layout_basic, gammafunk_ghost_gnarly_gnolls
D:4:      minmay_skewed_foursquare, layout_loops_corners, lemuel_blue_sif_altar,
          minmay_close_crescents, uniq_natasha

Skill      XL: |  1  2  3 |
---------------+----------+-----
Earth Magic    | 4 |  4.6
Conjurations   | 1 |  1.2
Fighting       | |  0.2
Dodging        | |  1.7
Stealth        | |  2.1
Spellcasting   | |  2.8
Transmutations | |  0.7

Action                   |  1- 3 |  4- 6 || total
-------------------------+-------+-------++-------
Melee: Unarmed           |    13 |       ||    13
       Club              |    13 |       ||    13
       Flail             |       |     1 ||     1
 Cast: Sandblast         |    37 |     7 ||    44
       Stone Arrow       |     5 |     2 ||     7
  Use: Scroll            |     1 |     6 ||     7
Armor: Robe              |    10 |       ||    10
Dodge: Dodged            |    16 |     1 ||    17
